 Dungeon Crawl Stone Soup version 0.32-a0-909-gc671339a80 (webtiles) character file.

Game seed: 11410768299699107278

29 pokeman the Magician (level 3, -3/20 HPs)
             Began as a Deep Elf Hedge Wizard on Apr 6, 2024.
             Slain by a ribbon worm (5 damage)
             ... on level 2 of the Dungeon.
             The game lasted 00:01:51 (1566 turns).

pokeman the Magician (Deep Elf Hedge Wizard)        Turns: 1566, Time: 00:01:51

Health: -3/20      AC:  3    Str:  7    XL:     3   Next: 1%
Magic:  1/11       EV: 11    Int: 20    God:
Gold:   64         SH:  0    Dex: 14    Spells: 4/12 levels left

rFire   . . .        o - +1 whip (freeze)
rCold   . . .        (no shield)
rNeg    . . .        b - +0 robe
rPois   .            c - +0 hat
rElec   .            (no cloak)
rCorr   .            f - +0 pair of gloves
SInv    .            (no boots)
Will    .....        (no amulet)
Stlth   ++           (no ring)
HPRegen 0.23/turn    (no ring)
MPRegen 0.12/turn

%: no passive effects
@: no status effects
A: no striking features
a: no special abilities


You were on level 2 of the Dungeon.
You visited 1 branch of the dungeon, and saw 2 of its levels.

You collected 64 gold pieces.

Inventory:

Hand Weapons
 o - a +1 whip of freezing (weapon)
Armour
 b - a +0 robe (worn)
 c - a +0 hat (worn)
 f - a +0 pair of gloves (worn)
Scrolls
 g - a scroll of enchant armour {unknown}
 h - a scroll of torment {unknown}
 k - a scroll of immolation {unknown}
Potions
 d - a potion of magic
 e - a potion of lignification {unknown}
 i - 2 potions of attraction {unknown}
 j - 2 potions of enlightenment {unknown}
 l - a potion of brilliance {unknown}
 m - a potion of degeneration {unknown}
 n - a potion of mutation {unknown}


   Skills:
 + Level 0.7 Fighting
 + Level 0.7 Armour
 - Level 2.4 Dodging
 - Level 2.4 Stealth
 * Level 5.0 Spellcasting
 + Level 1.7 Conjurations
 - Level 1.1 Summonings
 - Level 1.1 Translocations


You had 4 spell levels left.
You knew the following spells:

 Your Spells              Type           Power      Damage    Failure   Level
a - Magic Dart            Conj           44%        1d5       6%          1
b - Mephitic Cloud        Conj/Alch/Air  7%         N/A       26%         3
c - Call Imp              Summ           18%        N/A       11%         2
d - Blink                 Tloc           18%        N/A       11%         2

Your spell library contained the following spells:

 Spells                   Type           Power      Damage    Failure   Level
 Slow                     Hex            20%        N/A       12%         1
 Cigotuvi's Dreadful Rot  Necr/Alch/Air  10%        N/A       17%         2


Dungeon Overview and Level Annotations

Branches:
Dungeon (2/15)

Altars:


Message History

Casting: Magic Dart (safe; 6% risk of failure)
Confirm with . or Enter, or press ? or * to list all spells.
Aiming: Magic Dart (safe; 6% risk of failure)
Press: ? - help, Shift-Dir - straight line, f/p - ribbon worm
Aim: a ribbon worm (severely wounded, catching its breath, 100% to hit)
The magic dart hits the ribbon worm.
The ribbon worm is almost dead.
Casting: Magic Dart (safe; 6% risk of failure)
Confirm with . or Enter, or press ? or * to list all spells.
Aiming: Magic Dart (safe; 6% risk of failure)
Press: ? - help, Shift-Dir - straight line, f/p - ribbon worm
Aim: a ribbon worm (almost dead, catching its breath, 100% to hit)
The magic dart hits the ribbon worm but does no damage.
The ribbon worm is almost dead.
The ribbon worm bites you.
Casting: Magic Dart (safe; 6% risk of failure)
Confirm with . or Enter, or press ? or * to list all spells.
You don't have enough magic to cast this spell.
Unknown command.
Casting: Magic Dart (safe; 6% risk of failure)
Confirm with . or Enter, or press ? or * to list all spells.
You don't have enough magic to cast this spell.
Unknown command.
Casting: Magic Dart (safe; 6% risk of failure)
Confirm with . or Enter, or press ? or * to list all spells.
You don't have enough magic to cast this spell.
Unknown command.
The web tears apart.
The ribbon worm bites you!
* * * LOW HITPOINT WARNING * * *
You barely miss the ribbon worm.
The ribbon worm is almost dead.
The ribbon worm closely misses you.
Your magical contamination has completely faded away.
You hit the ribbon worm. You freeze the ribbon worm.
The ribbon worm is almost dead.
The ribbon worm expels a string of sticky webbing.
The stream of webbing hits you but does no damage.
You are caught in a web!
The web tears apart.
The ribbon worm bites you.
You die...

#.#
#.#
#.#
#.#
#.#
#.#
#.#
#.#
#@#
#w...#
#..#.#
...# #
#.##
...
#..
..<


You could see a ribbon worm (catching breath).

Vanquished Creatures
  A dart slug (D:1)
  3 ball pythons (D:1)
  A bat (D:2)
  3 endoplasms
  2 giant cockroaches
  3 goblins
  2 hobgoblins (D:1)
  3 quokkas
  6 rats
24 creatures vanquished.

Notes
Turn   | Place    | Note
-------+----------+-------------------------------------------
     0 | D:1      | pokeman the Deep Elf Hedge Wizard began the quest for the
                  | Orb.
     0 | D:1      | Reached XP level 1. HP: 10/10 MP: 7/7
   379 | D:1      | Reached XP level 2. HP: 13/16 MP: 3/9
  1291 | D:2      | Reached skill level 5 in Spellcasting
  1412 | D:2      | Reached XP level 3. HP: 6/20 MP: 1/11
  1416 | D:2      | Learned a level 3 spell: Mephitic Cloud
  1419 | D:2      | Learned a level 2 spell: Call Imp
  1422 | D:2      | Learned a level 2 spell: Blink
  1566 | D:2      | Slain by a ribbon worm

Illustrated notes

Levels and vault maps discovered:
D:1:      lightli_iron_boxes, layout_basic, st_stairs_9, minivault_24
D:2:      layout_basic, basic_altar, minmay_between

Skill      XL: |  1  2 |
---------------+-------+-----
Spellcasting   | 5 |  5.0
Fighting       | |  0.7
Armour         | |  0.7
Dodging        | |  2.4
Stealth        | |  2.4
Conjurations   | |  1.7
Summonings     | |  1.1
Translocations | |  1.1

Action                     || total
---------------------------++-------
  Melee: Dagger            ||    21
         Whip              ||     2
   Cast: Magic Dart        ||    74
 Armour: Robe              ||    25
  Dodge: Dodged            ||    33

Table legend: (Time is in decaauts)
 A = Elapsed time spent in this place.
 B = Non-inter-level travel time spent in this place.
 C = Inter-level travel time spent in this place.
 D = Time resting spent in this place.
 E = Time spent auto-exploring this place.
 F = Levels seen in this place.
 G = Mean time per level.
                   A        B        C        D        E       F      G
               +--------+--------+--------+--------+--------+-----+--------+
         Total |   1565 |   1502 |     63 |      0 |   1331 |   2 |  782.5 |
       Dungeon |   1565 |   1502 |     63 |      0 |   1331 |   2 |  782.5 |
               +--------+--------+--------+--------+--------+-----+--------+

Top non-repeatable levels by time:
     D:1: 1107 daAuts
     D:2: 458 daAuts
